Unix xNetHack Version 7.1.0 - last build May 27 2022 02:01:18 (40ddc3af3caeb211f83a4e7a6471a44cedb5a298). Game began 2022-06-02 11:10:11, ended 2022-06-02 11:28:24. Concrete, lawful female dwarven Cavewoman --- -.-- ----...-- |.......|-------. |..<..^--..|.--.. --............%@. ----.........a.. --... Concrete the Aborigine St:18/02 Dx:13 Co:19 In:9 Wi:7 Ch:7 Lawful S:1237 Dlvl:7 $:193 HP:0(57) Pw:9(9) AC:7 Xp:5/186 T:1827 Latest messages: Goraibane of Athos-a hits! You kill Goraibane of Athos-a! Welcome to experience level 5. You see here a skull cap. You hear someone cursing shoplifters. Your candles' flames flicker low! Your candles are consumed! Their flames die. You are beginning to feel hungry. You miss the gecko. The gecko misses! You kill the gecko! You see here a sling. With great effort you move the boulder. You try to move the boulder, but in vain. You try to move the boulder, but in vain. What do you want to eat? [ks or ?*] ? Blecch! Rotten food! You no longer feel hungry. You see here a sling. You descend the stairs. The ghoul scratches you! The ghoul scratches you! The ghoul scratches you! The ghoul scratches you! You are beginning to feel hungry. You destroy the ghoul! What do you want to eat? [k or ?*] k This food really hits the spot! You no longer feel hungry. You finish eating the food ration. You feel tired. You see here a blue gem. n - a blue gem {1}. Really step onto that magic trap? [yn] (n) n The giant beetle bites! You smack the giant beetle! You pound the giant beetle! The giant beetle bites! You miss the giant beetle. The cave spider bites! You kill the cave spider! The giant beetle bites! You bash the giant beetle! The giant beetle bites! You smack the giant beetle! The giant beetle bites! You die... Do you want your possessions identified? [ynq] (y) y Do you want to see your attributes? [ynq] (y) q Major events: Turn 1: Concrete the lawful dwarven Cavewoman entered the dungeon 587: attained the rank of Aborigine (level 3) 1117: entered the Gnomish Mines 1444: reached Mine Town 1827: killed by a giant beetle Inventory: Inventory: 295/1000 weight (17/52 slots) Coins $ - 193 gold pieces {2} Weapons b - a +2 sling (alternate weapon; not wielded) {3} a - a +1 club (weapon in hand) {30} Armor e - an uncursed +0 wooden orcish helm (being worn) {9} l - an uncursed +0 pair of low boots (being worn) {8} d - an uncursed +0 leather light armor (being worn) {113} Scrolls h - an uncursed scroll of light {5} Potions f - 2 uncursed potions of confusion {40} Tools j - an expensive camera (0:75) {12} Gems/Stones p - 2 uncursed agate stones {2} n - 2 uncursed worthless pieces of blue glass {2} u - an uncursed worthless piece of green glass {1} i - an uncursed worthless piece of red glass {1} v - an uncursed worthless piece of violet glass {1} r - 2 uncursed worthless pieces of yellow glass {2} t - a cursed worthless piece of yellow glass {1} m - a cursed worthless piece of yellowish brown glass {1} c - 31 uncursed flint stones (in quiver pouch) {62} Concrete the Cavewoman's attributes: Background: You were an Aborigine, a level 5 dwarven Cavewoman. You were lawful, nominally on a mission for Anu who was opposed by Ishtar (neutral) and Anshar (chaotic). You were heterosexual. You were in the Gnomish Mines, on level 7. You entered the dungeon 1827 turns ago. You had 186 experience points, 134 more were needed to attain level 6. Your score was 1237 before end-of-game adjustments. Basics: You had 0 out of 57 hit points. You had all 9 energy points (spell power). Your armor class was 7. Your wallet contained 193 zorkmids. Autopickup was off. Final Characteristics: Your strength was 18/02 (limit:18/100). Your dexterity was 13 (limit:20). Your constitution was 19 (limit:20). Your intelligence was 9 (limit:16). Your wisdom was 7 (limit:16). Your charisma was 7 (limit:16). Final Status: You were not hungry. You were unencumbered. You were wielding a club. You had basic skill with club. Final Attributes: You were devoutly aligned. You had infravision. You were warded. You are dead. Miscellaneous: You never encountered a bones level. Total elapsed playing time was 17 minutes and 54 seconds. Vanquished creatures: a ghoul a kobold shaman 6 hill orcs a giant bat an orc zombie an iguana an acid blob a coyote a gas spore a hobbit a cave spider 2 gnomes a gecko 3 jackals a fox a kobold 3 goblins 2 sewer rats 2 grid bugs 4 lichens 3 kobold zombies 5 newts 43 creatures vanquished. No species were genocided or became extinct. Voluntary challenges: You were an atheist. You were illiterate. You never genocided any monsters. You never polymorphed an object. You never changed form. You never touched an artifact. You used no wishes. You never owned a pet. You never scared an enemy with impunity. You were celibate. You never generated conflict. Achievements: You attained the rank of Aborigine. You entered a shop. You entered the Gnomish Mines. You entered Minetown. The Dungeons of Doom: levels 1 to 3 Level 1: A sink, some trees. Level 2: A weapon shop. Level 3: A general store, a tree. Stairs down to The Gnomish Mines. The Gnomish Mines: levels 4 to 7 Level 4: Level 5: Level 6: An altar, a fountain. Level 7: <- You were here. Final resting place for you, killed by a giant beetle. Game over: __________ / \ / REST \ / IN \ / PEACE \ / \ | Concrete | | 193 Au | | killed by a | | giant beetle | | | | | | 2022 | *| * * * | * _________)/\\_//(\/(/\)/\//\/|_)_______ Goodbye Concrete the Cavewoman... You died in The Gnomish Mines on dungeon level 7 with 1218 points, and 193 pieces of gold, after 1827 moves. You were level 5 with a maximum of 57 hit points when you died.